 Dungeon Crawl Stone Soup version 0.02-202-gb41bd04 (webtiles) character file.

Game seed: 5328168820826245493, levelgen mode: deterministic

16927 Kalegnar the Thaumaturge (level 12, 0/7 HPs) Fairy Air Elementalist. Began on Nov 4, 2020. Was a Follower of Nemelex Xobeh. Slain by a giraffe (1 damage) ... on level 2 of the Lair of Beasts. The game lasted 00:49:22 (6641 turns).

Kalegnar the Thaumaturge (Fairy Air Elementalist)   Turns: 6641, Time: 00:49:23

Health: 0/7        AC:  0    Str:  2    XL:     12 ^: 13851
Magic:  4/5        EV: 32    Int: 26    God:    Nemelex Xobeh [1* [44]]
Gold:   226        SH:  0    Dex: 20    Spells: 20/36 levels left

rFire    . . .     Vision   .   o - ring of intelligence
rCold    . . .     Gourm    .
rNeg     . . .     Faith    .
rPois    .         Spirit   .
rElec    .         Reflect  .
rCorr    .         Harm     .
MR       ++...
Stlth    +.........
HPRegen  0.12/turn
MPRegen  0.15/turn

@: flying, glowing, slow
A: tiny, no armour or weapons, only one jewelry slot, no melee attacks, fairy
magic, fairy shield, fairy light, decreased potion and divine healing, slowness
1, able to fly, insubstantial
a: Stop Flying, Renounce Religion


You were on level 2 of the Lair of Beasts.
You worshipped Nemelex Xobeh.
Nemelex Xobeh was aware of your devotion.
You were not hungry.

You visited 3 branches of the dungeon, and saw 8 of its levels.

You collected 421 gold pieces.
You spent 195 gold pieces at shops.

Inventory:

Jewellery
 d - an uncursed ring of poison resistance
 h - an uncursed ring of strength
 o - a ring of intelligence (around core)
 r - an uncursed amulet of harm
 y - an uncursed ring of evasion
 C - an uncursed amulet of reflection
Wands
 k - a wand of flame (19)
 s - a wand of hasting (4)
 t - a wand of enslavement (3)
 u - a wand of ensnaring (2)
Scrolls
 c - 2 scrolls of blinking
 i - 6 scrolls of teleportation
 j - 2 scrolls of vulnerability
 n - 2 scrolls of amnesia
 v - 3 scrolls of magic mapping
 w - a scroll of fog
 A - a scroll of bless item
Potions
 a - a potion of cancellation
 e - 5 potions of curing
 f - 2 potions of resistance
 g - a potion of mutation
 m - 4 potions of magic
 z - 4 potions of heal wounds
Miscellaneous
 p - a plain deck of escape
 B - a plain deck of destruction
Comestibles
 b - 26 rations
 l - 9 chunks of flesh


   Skills:
 - Level 7.0 Dodging
 - Level 1.4 Stealth
 + Level 12.7 Spellcasting
 - Level 2.1 Fire Magic
 + Level 12.0 Air Magic
 + Level 8.4 Invocations
 - Level 5.0 Evocations


You had 20 spell levels left.
You knew the following spells:

 Your Spells              Type           Power        Failure   Level  Hunger
a - Shock                 Air            25 (25)      1%          1    None
b - Swiftness             Chrm/Air       47 (100)     1%          2    None
c - Static Discharge      Air            68 (100)     1%          3    None
d - Airstrike             Air            68 (200)     1%          4    None
e - Lightning Bolt        Air            68 (200)     1%          5    ###....
f - Flame Tongue          Fire           27 (30)      1%          1    None

Your spell library contained the following spells:

 Spells                   Type           Power        Failure   Level  Hunger
 Magic Candle             Hex/Fire       22 (90)      2%          1    None
 Confusing Touch          Hex            16 (50)      3%          1    None
 Summon Small Mammal      Summ           16 (25)      3%          1    None


Dungeon Overview and Level Annotations

Branches:
Dungeon (5/8)              Temple (1/1) D:4            Lair (2/6) D:5
  Swamp: Lair:2-4    Shoals: Lair:2-4     Snake: Lair:2-4    Spider: Lair:2-4

Altars:
Ashenzari
Cheibriados
Dithmenos
Elyvilon
Fedhas Madash
Gozag Ym Sagoz
Hepliaklqana
Kikubaaqudgha
Nemelex Xobeh
Qazlal
Ru
Trog
Uskayaw
Wu Jian
Xom
Yredelemnul
Beogh

Shops:
D:5 !


Innate Abilities, Weirdness & Mutations

You are too small to use any gear.
You can wear a single ring or amulet completely around your body.
You are incapable of melee of any kind.
Your magic reserves are extremely low but spells that normally cost one mana are free and all other spells cost one mana.
You are extremely frail but all attacks that strike you do exactly one damage.
You exude a bright light in a small radius around yourself.
The effect of potions and godly healing effects is reduced to match your tiny health and magic reserves.
You cover ground slowly.
You can fly continuously.
Your insubstantial form boosts your evasion and grants immunity to sticky flames, nets and constriction.


Message History

Aim: a giraffe (water, almost dead (3/52), haloed)
The zap hits the giraffe (1).
The giraffe is almost dead. (2/52) HP The giraffe gores you from afar (9)!
The giraffe splashes around in the water.
Casting: Shock (safe; 1% risk of failure)
Confirm with . or Enter, or press ? or * to list all spells.
Aiming: Shock (safe; 1% risk of failure)
Press: ? - help, Shift-Dir - straight line, f/p - giraffe
Aim: a giraffe (water, almost dead (3/52), haloed)
The zap hits the giraffe (2).
The giraffe is almost dead. (1/52) HP The giraffe misses you (0).
The giraffe gores you from afar (6). The giraffe gores you from afar (12)!
* * * LOW HITPOINT WARNING * * *
The giraffe gores you from afar (12)!
* * * LOW HITPOINT WARNING * * *
The giraffe gores you from afar (2).
You die...
Your body glows slightly brighter and disappears.

....... ...# .≈.....
....## ≈≈≈≈≈..
#.....#.. ≈≈≈≈≈≈.
#..P.^... ≈≈≈≈≈≈≈
##†......
≈≈≈≈≈YY##P..##.#
.<.≈≈Y≈P...$..## #..
≈.≈≈≈≈.@÷......##...
≈≈≈≈≈≈≈.........†..
≈≈≈≈≈≈..÷..........
≈≈≈≈..≈#........##.
≈≈≈...≈#........#
##≈..<.##......##
##...P ####...#
#.....##..÷##.#
......>#..<....#


You could see 3 giraffes.

Vanquished Creatures
  A boulder beetle (Lair:1)
  A two-headed ogre (D:5)
  3 hydras
  The ghost of Kalegnar the Shield-Bearer, a novice FoFi of Fedhas Madash (D:3)
  2 black mambas (Lair:1)
  A spiny frog (Lair:1)
  3 meliai (Lair:1)
  A wolf spider (Lair:1)
  2 trolls (D:5)
  An elephant (D:5)
  2 guardian mummies (Lair:1)
  A queen bee (Lair:1)
  2 komodo dragons (Lair:1)
  7 blink frogs
  Sigmund (D:2)
  3 hippogriffs (D:5)
  A yak (D:5)
  A wyvern (D:5)
  A hungry ghost (D:5)
  2 basilisks
  2 redbacks (Lair:1)
  4 water moccasins
  An orc warrior (D:4)
  2 scorpions (D:5)
  9 porcupines
  An ice beast (D:5)
  2 sky beasts (D:5)
  A black bear (D:5)
  4 ogres
  An eye of draining (D:5)
  6 big kobolds
  4 crocodiles
  10 bullfrogs
  A howler monkey (D:5)
  33 killer bees
  2 quasits (D:5)
  3 wights (D:4)
  An electric eel (D:5)
  A crimson imp (D:3)
  7 orc priests
  7 hounds
  5 jellies
  7 orc wizards
  4 worker ants
  An iguana (D:4)
  2 wyvern skeletons
  5 giant cockroaches
  A bullfrog zombie (D:5)
  8 adders
  4 gnolls (D:3)
  36 sewer rats (D:2)
  11 cinder newts
  2 worms (D:3)
  A hound zombie (D:5)
  A killer bee zombie (D:5)
  A hound skeleton (D:3)
  5 oozes
  2 dart slugs (D:1)
  6 leopard geckos
  31 orcs
  2 adder skeletons
  7 bats
  2 cinder newt skeletons (D:2)
  3 goblins (D:1)
  A hobgoblin (D:1)
  4 jackals (D:4)
  7 quokkas
  5 ball pythons
  3 bat skeletons (D:2)
  A goblin skeleton (D:2)
  2 hobgoblin skeletons (D:2)
  A jackal skeleton (D:3)
  23 kobolds
  2 kobold skeletons (D:2)
  3 orc skeletons (D:2)
  7 rats
  A butterfly (D:4)
  A plant (D:3)
  4 withered plants (D:2)
351 creatures vanquished.

Vanquished Creatures (others)
  2 jellies (D:2)
  3 sewer rats (D:2)
  2 ball pythons (D:2)
  A kobold skeleton (D:2)
  6 fungi (Lair:1)
  2 giant blowflies (D:2)
  2 plants
  62 withered plants (D:2)
80 creatures vanquished.

Grand Total: 431 creatures vanquished

Notes
Turn   | Place    | Note
-------+----------+-------------------------------------------
     0 | D:1      | Kalegnar the Fairy Air Elementalist began the quest for the
                  | Orb.
     0 | D:1      | Reached XP level 1. HP: 3/3 MP: 3/3
    42 | D:1      | Reached XP level 2. HP: 3/3 MP: 3/3
    46 | D:1      | Learned a level 2 spell: Swiftness
   162 | D:1      | Reached XP level 3. HP: 4/4 MP: 3/3
   167 | D:1      | Learned a level 3 spell: Static Discharge
   432 | D:1      | Reached XP level 4. HP: 4/4 MP: 3/3
   809 | D:2      | Noticed a big kobold
   818 | D:2      | Killed a big kobold
   818 | D:2      | Reached XP level 5. HP: 4/4 MP: 3/3
   824 | D:2      | Learned a level 4 spell: Airstrike
   844 | D:2      | Noticed Sigmund
   861 | D:2      | Killed Sigmund
   861 | D:2      | Reached skill level 5 in Dodging
   861 | D:2      | Reached XP level 6. HP: 5/5 MP: 3/3
  1070 | D:2      | Reached skill level 5 in Spellcasting
  1070 | D:2      | Reached skill level 5 in Air Magic
  1077 | D:2      | Learned a level 5 spell: Lightning Bolt
  1198 | D:2      | Reached XP level 7. HP: 5/5 MP: 3/3
  1800 | D:2      | Reached XP level 8. HP: 5/5 MP: 3/3
  2714 | D:3      | Found a roughly hewn altar of Beogh.
  2717 | D:3      | Noticed Kalegnar's ghost (novice FoFi)
  2950 | D:3      | Reached skill level 1 in Evocations
  3033 | D:3      | Found a runed translucent gate.
  3035 | D:3      | Found a runed translucent gate.
  3036 | D:3      | Found a runed translucent gate.
  3452 | D:3      | Reached XP level 9. HP: 6/6 MP: 2/4
  3459 | D:3      | Killed Kalegnar's ghost
  3467 | D:3      | Identified the cursed +7 chain mail "Ixuoh" {-Cast Str+3
                  | +Vis, (Curse: *Tele *Drain)} (You took it off an orc on
                  | level 3 of the Dungeon)
  3467 | D:3      | Identified the +9 mace of Lastruar {protect, rC+} (You took
                  | it off an orc on level 3 of the Dungeon)
  3881 | D:4      | Found a staircase to the Ecumenical Temple.
  3890 | Temple   | Entered the Ecumenical Temple
  4039 | Temple   | Became a worshipper of Nemelex Xobeh the Trickster
  4075 | D:4      | Received a gift from Nemelex Xobeh
  4340 | D:5      | Entered Level 5 of the Dungeon
  4350 | D:5      | Reached skill level 1 in Invocations
  4394 | D:5      | Noticed a two-headed ogre
  4402 | D:5      | Killed a two-headed ogre
  4402 | D:5      | Reached XP level 10. HP: 4/6 MP: 2/4
  4415 | D:5      | Reached skill level 10 in Spellcasting
  4485 | D:5      | Reached skill level 5 in Evocations
  4652 | D:5      | Reached skill level 10 in Air Magic
  4773 | D:5      | Reached skill level 5 in Invocations
  4874 | D:5      | Found a staircase to the Lair.
  4917 | D:5      | Learned a level 1 spell: Flame Tongue
  5115 | D:5      | Reached skill level 1 in Fire Magic
  5117 | D:5      | Reached * piety under Nemelex Xobeh
  5206 | D:5      | Found Qoyrghiog's Distillery.
  5212 | D:5      | Bought a potion of curing for 45 gold pieces
  5212 | D:5      | Bought a potion of heal wounds for 75 gold pieces
  5212 | D:5      | Bought a potion of heal wounds for 75 gold pieces
  5260 | Lair:1   | Entered Level 1 of the Lair of Beasts
  5321 | Lair:1   | Received a gift from Nemelex Xobeh
  5329 | Lair:1   | Reached XP level 11. HP: 4/6 MP: 4/5
  5391 | Lair:1   | Noticed an eight-headed hydra
  5610 | Lair:1   | Noticed a four-headed hydra
  5620 | Lair:1   | Killed a four-headed hydra
  5822 | Lair:1   | Noticed a boulder beetle
  5841 | Lair:1   | Killed a boulder beetle
  6286 | Lair:1   | Killed an eight-headed hydra
  6521 | Lair:2   | Reached XP level 12. HP: 7/7 MP: 4/5
  6641 | Lair:2   | Slain by a giraffe

Levels and vault maps discovered:
D:1:      sevenhm_arrival_forest_fort_small_3, layout_basic,
          chequers_mini_garden
D:2:      layout_sewer, uniq_sigmund
D:3:      layout_basic, biasface_ghost_orc_armoury, first_ration, st_stairs_2,
          blue_anna_alchemist [blue_anna_fruit_fields, blue_anna_fruit_fields]
D:4:      layout_small_grid, minmay_temple_entry_poolview
D:5:      layout_rooms, david_lair_generic, serial_shops, shop,
          serial_bayou_pond_b
Temple:   eino_temple_rhombus
Lair:1:   layout_roguey [special_room_bee], chequers_ossuary_entry_cave,
          grunt_megastairs_2, serial_bayou_shore_b
Lair:2:   layout_gridlike, grunt_megastairs_4, infiniplex_staircase_pool_2,
          uniq_gastronok, uniq_sonja, uniq_erica

Skill      XL: |  1  2  3  4  5  6  7  8  9 10 11 12 |
---------------+-------------------------------------+-----
Dodging        | 3 4 5 6 7 |  7.0
Spellcasting   | 3 4 5 7 8 9 11 12 | 12.7
Air Magic      | 4 5 6 8 9 10 11 12 | 12.0
Evocations     | 1 4 5 |  5.0
Invocations    | 2 5 8 |  8.4
Fire Magic     | 1 2 |  2.1
Stealth        | |  1.4

Action                   |  1- 3 |  4- 6 |  7- 9 | 10-12 || total
-------------------------+-------+-------+-------+-------++-------
 Cast: Shock             |    35 |    92 |   406 |   392 ||   925
       Airstrike         |       |       |    18 |    64 ||    82
       Static Discharge  |       |       |     3 |     2 ||     5
       Lightning Bolt    |       |       |     2 |    13 ||    15
       Swiftness         |       |       |       |     4 ||     4
 Abil: Fly               |       |     1 |       |       ||     1
  Use: Potion            |       |       |       |     1 ||     1
  Eat: Chunk             |       |     1 |    13 |    11 ||    25
Dodge: Dodged            |     6 |    33 |    91 |   332 ||   462
Block: Other             |       |       |    13 |     8 ||    21
       Reflection        |       |       |     1 |       ||     1
